 Dungeon Crawl Stone Soup version 0.27-a0-906-g0a00ce8 (webtiles) character file.

Game seed: 2919322374059052027

9 Nithhogg the Skirmisher (level 2, 24/24 HPs)
             Began as a Demonspawn Fighter on Apr 7, 2021.
             Was a Follower of Fedhas.
             Quit the game on level 1 of the Dungeon.
             The game lasted 00:02:15 (445 turns).

Nithhogg the Skirmisher (Demonspawn Fighter)         Turns: 445, Time: 00:02:15

Health: 24/24      AC:  6    Str: 16    XL:     2   Next: 6%
Magic:  2/2        EV:  7    Int:  9    God:    Fedhas [*.....]
Gold:   17         SH:  8    Dex: 12    Spells: 1/1 levels left

rFire    . . .     SeeInvis .   a - +0 long sword
rCold    . . .     Faith    +   c - +0 kite shield
rNeg     . . .     Spirit   .   b - +0 scale mail
rPois    .         Reflect  .   (no helmet)
rElec    .         Harm     .   (no cloak)
rCorr    .         Rampage  .   (no gloves)
Will     .....                  (no boots)
Stlth    ..........             e - amulet of faith
HPRegen  0.08/turn              (no ring)
MPRegen  0.08/turn              (no ring)

@: no status effects
A: powered by pain 1
a: Renounce Religion


You were on level 1 of the Dungeon.
You worshipped Fedhas.
Fedhas was aware of your devotion.
You visited 1 branch of the dungeon, and saw 1 of its levels.

You collected 17 gold pieces.

Inventory:

Hand Weapons
 a - a +0 long sword (weapon)
Armour
 b - a +0 scale mail (worn)
 c - a +0 kite shield (worn)
Jewellery
 e - an amulet of faith (around neck)
Potions
 d - a potion of might
 f - a potion of degeneration {unknown}
 g - a potion of curing {unknown}


   Skills:
 + Level 3.0 Fighting
 + Level 2.0 Long Blades
 + Level 2.7 Armour
 + Level 0.3 Dodging
 + Level 2.7 Shields
 + Level 0.9 Invocations


You had one spell level left.
You didn't know any spells.
Your spell library contained the following spells:

 Spells                   Type           Power      Damage    Failure   Level
 Beastly Appendage        Tmut           0%         N/A       100%        1
 Wereblood                Tmut           0%         N/A       100%        2
 Spider Form              Tmut/Pois      0%         N/A       100%        3
 Ice Form                 Ice/Tmut       0%         N/A       100%        4
 Hydra Form               Tmut           0%         N/A       100%        5


Dungeon Overview and Level Annotations

Branches:
Dungeon (1/15)

Altars:
Fedhas


Innate Abilities, Weirdness & Mutations

You sometimes gain a little power by taking damage.


Message History

You hit the rat.
You kill the rat!
You have reached level 2!
Your demonic ancestry asserts itself...
You feel energised by your suffering.
Found a stone staircase leading down.
Found a hunting sling.
Found a faded altar of an unknown god.
f - a fizzy purple potion
Found a club.
Found a dagger.
g - a lumpy yellow potion No target in view!
A goblin comes into view. It is wielding a +0 club.
The goblin shouts!
A goblin is nearby!
Found a stone staircase leading down.
The goblin hits you but does no damage.
You barely miss the goblin. You block the goblin's attack.
You hit the goblin.
You kill the goblin!
Your Long Blades skill increases to level 2!
No target in view!
No target in view!
No target in view!
No target in view!
No target in view!
No target in view!
No target in view!
There is a faded altar of an unknown god here.
You see here a -2 hunting sling.
You cannot tell which god this altar belongs to.
Convert to them anyway?
Okay, then.
You cannot tell which god this altar belongs to.
Convert to them anyway?
Okay, then.
You cannot tell which god this altar belongs to.
Convert to them anyway?
Fedhas accepts your prayer! Fedhas welcomes you!
The plants of the dungeon cease their hostilities.
Your amulet flashes!
Are you sure you want to abandon this character and quit the game? (Confirm with "yes".)

##### #)).# #.#.#
########### #.#..
#.........########....
#.....................
#..#.@....####....#.##
#..._#....####.##.#...
#...##.......#.##...#.
#### #.....#.#.####.#.
###...#.#.####.#.
#...>............
#.#.......####...
#.#.###.### ####
#.......#


There were no monsters in sight!

Vanquished Creatures
  A giant cockroach (D:1)
  2 goblins (D:1)
  A hobgoblin (D:1)
  A quokka (D:1)
  A bat (D:1)
  A frilled lizard (D:1)
  A kobold (D:1)
  A rat (D:1)
9 creatures vanquished.

Notes
Turn   | Place    | Note
-------+----------+-------------------------------------------
     0 | D:1      | Nithhogg the Demonspawn Fighter began the quest for the
                  | Orb.
     0 | D:1      | Reached XP level 1. HP: 18/18 MP: 1/1
   352 | D:1      | Gained mutation: You sometimes gain a little power by
                  | taking damage. [demonic ancestry]
   352 | D:1      | Reached XP level 2. HP: 24/24 MP: 2/2
   372 | D:1      | Found a faded altar of an unknown god.
   443 | D:1      | Became a worshipper of Fedhas Madash
   443 | D:1      | Reached * piety under Fedhas
   445 | D:1      | Quit the game

Illustrated notes

Levels and vault maps discovered:
D:1:      minmay_arrival_open_corners, layout_basic,
          ebering_ecumenical_altar_rust

Skill      XL: |  1  2 |
---------------+-------+-----
Long Blades    | 2 |  2.0
Fighting       | |  3.0
Armour         | |  2.7
Dodging        | |  0.3
Shields        | |  2.7
Invocations    | |  0.9

Action                   || total
-------------------------++-------
Melee: Long sword        ||    34
Armor: Scale mail        ||    22
Dodge: Dodged            ||    10
Block: Kite shield       ||    21
       Rpst.: Long sword ||     2

Table legend: (Time is in decaauts)
 A = Elapsed time spent in this place.
 B = Non-inter-level travel time spent in this place.
 C = Inter-level travel time spent in this place.
 D = Time resting spent in this place.
 E = Time spent auto-exploring this place.
 F = Levels seen in this place.
 G = Mean time per level.
                   A        B        C        D        E       F      G
               +--------+--------+--------+--------+--------+-----+--------+
         Total |    464 |    464 |      0 |      0 |    336 |   1 |  464.0 |
       Dungeon |    464 |    464 |      0 |      0 |    336 |   1 |  464.0 |
               +--------+--------+--------+--------+--------+-----+--------+

Top non-repeatable levels by time:
     D:1: 464 daAuts
